 Dungeon Crawl Stone Soup version 0.26-a0-651-gb41185065b (webtiles) character file.

Game seed: 16465852868701094947

6562 grandjackal the Commander (level 10, -1/80 HPs)
             Began as a Demonspawn Gladiator on Sept 30, 2020.
             Was a High Priest of Okawaru.
             Slain by Fannar
             ... wielding an uncursed staff of cold
              (4 damage)
             ... on level 11 of the Dungeon.
             The game lasted 00:10:55 (11880 turns).

grandjackal the Commander (Demonspawn Gladiator)   Turns: 11880, Time: 00:10:56

Health: -1/80      AC: 15    Str: 17    XL:     10   Next: 70%
Magic:  16/16      EV: 17    Int: 10    God:    Okawaru [*****.]
Gold:   381        SH:  4    Dex: 15    Spells: 9/9 levels left

rFire    . . .     SeeInvis .   u - +2 scimitar (elec)
rCold    . . .     Faith    .   (no shield)
rNeg     . . .     Spirit   .   n - +0 scale mail (curse)
rPois    .         Reflect  .   (helmet unavailable)
rElec    .         Harm     .   h - +0 cloak
rCorr    .         Rampage  .   G - +0 pair of gloves
MR       .....                  a - +2 pair of boots
Stlth    ++........             (no amulet)
HPRegen  0.23/turn              (no ring)
MPRegen  0.15/turn              (no ring)

@: heroism, lightly drained
A: horns 3, large bone plates 1, powered by death 1
a: Heroism, Finesse, Renounce Religion


You were on level 11 of the Dungeon.
You worshipped Okawaru.
Okawaru was extremely pleased with you.
You visited 1 branch of the dungeon, and saw 11 of its levels.

You collected 757 gold pieces.
You spent 376 gold pieces at shops.

Inventory:

Hand Weapons
 u - a +2 scimitar of electrocution (weapon)
 J - a +2 demon blade of pain
Missiles
 d - a throwing net (quivered)
Armour
 a - a +2 pair of boots (worn)
 h - a +0 cloak (worn)
 n - a cursed +0 scale mail (worn)
 G - a +0 pair of gloves (worn)
 I - a cursed -2 ring mail
Jewellery
 y - an uncursed ring of fire
Wands
 x - a wand of iceblast (13)
 C - a wand of enslavement (9)
 D - a wand of polymorph (6)
Scrolls
 c - 9 scrolls of identify {unknown}
 f - 6 scrolls of blinking {unknown}
 g - 4 scrolls of amnesia {unknown}
 k - 5 scrolls of teleportation {unknown}
 o - a scroll of random uselessness {unknown}
 r - 10 scrolls of remove curse {unknown}
 s - 3 scrolls of magic mapping {unknown}
 t - a scroll of fear {unknown}
 w - 2 scrolls of immolation {unknown}
 z - a scroll of summoning
 F - 2 scrolls of enchant armour {unknown}
 K - 2 scrolls of holy word {unknown}
 L - 2 scrolls of fog {unknown}
Potions
 b - 2 potions of cancellation {unknown}
 e - 3 potions of heal wounds
 i - a potion of stabbing {unknown}
 j - 2 potions of might {unknown}
 l - 3 potions of curing {unknown}
 m - 5 potions of flight {unknown}
 p - a potion of haste {unknown}
 q - a potion of mutation {unknown}
 v - a potion of brilliance {unknown}
 A - a potion of degeneration {unknown}
 B - a potion of lignification {unknown}
 E - a potion of berserk rage
 H - a potion of resistance {unknown}
 M - 2 potions of invisibility {unknown}


   Skills:
 + Level 7.7(12.6) Fighting
 + Level 7.3(12.2) Long Blades
 - Level 1.7(6.6) Throwing
 + Level 6.6(11.5) Armour
 + Level 7.3(12.2) Dodging
 + Level 9.0(8.9) Invocations


You had 9 spell levels left.
You didn't know any spells.
Your spell library contained the following spells:

 Spells                   Type           Power        Failure   Level
 Apportation              Tloc           #.....       69%         1
 Beastly Appendage        Tmut           #.....       69%         1
 Wereblood                Tmut           #.......     83%         2
 Lesser Beckoning         Tloc           #.........   96%         3
 Spider Form              Tmut/Pois      #.........   96%         3
 Tukima's Dance           Hex            #.......     96%         3
 Ice Form                 Ice/Tmut       #.......     100%        4
 Alistair's Intoxication  Tmut/Pois      #........    100%        5
 Blade Hands              Tmut           #.........   100%        5
 Invisibility             Hex            #.......     100%        6


Dungeon Overview and Level Annotations

Branches:
Dungeon (11/15)            Temple (0/1) D:5
   Lair: D:8-11         Orc: D:9-12

Altars:
Cheibriados
Nemelex Xobeh
Okawaru
Qazlal
Ru
Xom
The Shining One

Shops:
D:4 (   D:5 *   D:6 ?

Annotations:
D:11 Fannar


Innate Abilities, Weirdness & Mutations

You have a pair of large horns on your head.
You are partially covered in large bone plates. (SH +4)
You regenerate a little health from kills.


Message History

Unknown command.
You hit Fannar but do no damage. You headbutt Fannar, but do no damage.
Fannar is almost dead.
The ice beast closely misses you.
You riposte.
You slash the ice beast!
Lightning courses through the ice beast!
The ice beast is almost dead.
Fannar completely misses you.
You riposte.
You closely miss Fannar.
Fannar is almost dead.
You barely miss Fannar. You headbutt Fannar.
Fannar is almost dead.
Unknown command.
You slash Fannar!
Fannar is almost dead.
You block the ice beast's attack. Fannar hits you but does no damage.
Unknown command.
You miss Fannar.
Fannar is almost dead.
You block the ice beast's attack. Fannar hits you but does no damage.
Fannar freezes you.
You die...

###### #....# ##....# ###
### #.....#####.. ..#
#............
#.#######.###..)..####...
.......<@e...............
#..#..###Y###.....####.##
#. #.# #.##### #.#
######.###.# #.#
..........#.# #.#
.######.#.#(# #.#
.....#e#)# #.#
...#..#.#)########.#
.......).e...........


You could see Fannar (icy armour) and an ice beast (summoned).

Vanquished Creatures
  A fire dragon (D:9)
  A two-headed ogre (D:8)
  An unseen horror (D:10)
  A water moccasin (D:10)
  A hornet zombie (D:7)
  2 ice beasts
  An orc warrior (D:8)
  A black bear (D:8)
  4 sky beasts
  7 ogres
  2 phantoms
  3 centaurs
  2 big kobolds
  Blork the orc (D:6)
  2 bullfrogs
  3 scorpions
  A water moccasin skeleton (D:7)
  11 wights
  6 killer bees (D:8)
  A howler monkey (D:5)
  6 jellies
  2 centaur zombies
  8 hounds
  2 bullfrog zombies
  A quasit (D:10)
  3 bullfrog skeletons
  A gnoll shaman (D:5)
  5 iguanas
  2 centaur skeletons
  2 orc wizards
  6 worker ants
  A killer bee zombie (D:6)
  2 hound skeletons
  A hound zombie (D:6)
  2 worker ant zombies
  5 gnolls (D:5)
  14 adders
  2 white imps
  An ufetubus (D:10)
  2 oozes
  2 adder skeletons
  An adder zombie (D:5)
  A worm (D:5)
  8 leopard geckos
  19 orcs
  5 giant cockroaches
  4 goblins
  4 hobgoblins
  7 jackals
  5 quokkas
  5 bats
  6 frilled lizards
  12 kobolds
  2 leopard gecko skeletons
  2 leopard gecko zombies
  A quokka zombie (D:8)
  11 rats
215 creatures vanquished.

Notes
Turn   | Place    | Note
-------+----------+-------------------------------------------
     0 | D:1      | grandjackal the Demonspawn Gladiator began the quest for
                  | the Orb.
     0 | D:1      | Reached XP level 1. HP: 16/16 MP: 1/1
  1094 | D:2      | Gained mutation: You have a pair of small horns on your
                  | head. [demonic ancestry]
  1094 | D:2      | Reached XP level 2. HP: 22/22 MP: 2/2
  1584 | D:2      | Reached XP level 3. HP: 27/28 MP: 3/3
  1621 | D:2      | Reached skill level 1 in Armour
  2704 | D:3      | Reached XP level 4. HP: 14/34 MP: 4/4
  3232 | D:3      | Found an iron altar of Okawaru.
  3248 | D:3      | Became a worshipper of Warmaster Okawaru
  3576 | D:3      | Reached skill level 1 in Invocations
  3576 | D:3      | Gained mutation: You have a pair of horns on your head.
                  | [demonic ancestry]
  3576 | D:3      | Reached XP level 5. HP: 24/41 MP: 5/5
  4186 | D:4      | Noticed a phantom
  4224 | D:4      | Killed a phantom
  4279 | D:4      | Noticed a centaur
  4511 | D:4      | Killed a centaur
  4511 | D:4      | Reached skill level 2 in Invocations
  4511 | D:4      | Gained mutation: You regenerate a little health from kills.
                  | [demonic ancestry]
  4511 | D:4      | Reached XP level 6. HP: 18/47 MP: 7/7
  5374 | D:4      | Reached * piety under Okawaru
  5477 | D:4      | Found Hegeduse's Antique Weapon Emporium.
  5485 | D:4      | Bought a glowing scimitar for 175 gold pieces
  5919 | D:5      | Entered Level 5 of the Dungeon
  5979 | D:5      | Reached skill level 3 in Invocations
  5979 | D:5      | Gained mutation: You have a pair of large horns on your
                  | head. [demonic ancestry]
  5979 | D:5      | Reached XP level 7. HP: 54/54 MP: 9/9
  6174 | D:5      | Found a staircase to the Ecumenical Temple.
  6298 | D:5      | Found a stormy altar of Qazlal.
  6299 | D:5      | Found Uleililo's Assorted Antiques.
  6302 | D:5      | Bought a scroll labeled SOURETUSIZ for 27 gold pieces
  6302 | D:5      | Bought a grey potion for 24 gold pieces
  6302 | D:5      | Bought a scroll labeled JYQIRU MIETU for 27 gold pieces
  6315 | D:5      | Reached ** piety under Okawaru
  6315 | D:5      | Reached skill level 4 in Invocations
  6587 | D:5      | Found a glowing golden altar of the Shining One.
  6587 | D:5      | Found a sparkling altar of Nemelex Xobeh.
  6854 | D:6      | Reached XP level 8. HP: 61/61 MP: 11/11
  6940 | D:6      | Reached skill level 5 in Long Blades
  6940 | D:6      | Reached skill level 5 in Dodging
  6957 | D:6      | Reached skill level 5 in Fighting
  7010 | D:6      | Reached skill level 5 in Invocations
  7069 | D:6      | Noticed Blork the orc
  7074 | D:6      | Killed Blork the orc
  7186 | D:6      | Found Juataumm's Magic Scroll Shoppe.
  7202 | D:6      | Bought a scroll of summoning for 123 gold pieces
  7755 | D:7      | Reached *** piety under Okawaru
  8086 | D:7      | Gained mutation: You are partially covered in large bone
                  | plates. (SH +4) [demonic ancestry]
  8086 | D:7      | Reached XP level 9. HP: 69/69 MP: 13/13
  8089 | D:7      | Reached skill level 6 in Invocations
  8473 | D:8      | Found a sacrificial altar of Ru.
  8660 | D:8      | Reached skill level 5 in Armour
  8680 | D:8      | Noticed a two-headed ogre
  8690 | D:8      | Killed a two-headed ogre
  8690 | D:8      | Reached **** piety under Okawaru
  8690 | D:8      | Reached skill level 7 in Invocations
  8702 | D:8      | Received a gift from Okawaru
  9157 | D:8      | Reached XP level 10. HP: 57/77 MP: 15/15
  9724 | D:9      | Reached skill level 8 in Invocations
 10046 | D:9      | Found a snail-covered altar of Cheibriados.
 10049 | D:9      | Found a shimmering altar of Xom.
 10108 | D:9      | Reached ***** piety under Okawaru
 10143 | D:9      | Noticed a fire dragon
 10159 | D:9      | Killed a fire dragon
 10159 | D:9      | Received a gift from Okawaru
 10496 | D:10     | Entered Level 10 of the Dungeon
 10768 | D:10     | Killed an unseen horror
 11388 | D:11     | Reached skill level 9 in Invocations
 11511 | D:11     | Noticed Fannar
 11522 | D:11     | HP: 2/80 [Fannar/refrigeration (28)]
 11875 | D:11     | HP: 2/80 [Fannar/uncursed staff of cold (16)]
 11880 | D:11     | Slain by Fannar

Illustrated notes

Levels and vault maps discovered:
D:1:      dpeg_arrival_boxes_within_box, layout_basic
D:2:      layout_basic, serial_bayou_lake_a
D:3:      kennysheep_big_flooded_room, layout_basic, okawaru_trees_1
D:4:      layout_loops_ring, serial_shops, nicolae_shop_statue_plus
D:5:      layout_basic, chequers_temple_overflow_statue_of_worship,
          minmay_temple_entry_mini_moons, serial_shops, shop, basic_altar
D:6:      layout_gridville, serial_shops, shop, uniq_blork_the_orc
D:7:      layout_basic, serial_park_tiny_1
D:8:      layout_cave_pods, nicolae_ru_sacrificial_ziggurat
D:9:      dragon1_lemuel, layout_irregular_city, nicolae_overflow_hidden_temple
D:10:     layout_roguey, st_stairs_1
D:11:     layout_basic, lair_entry_dummy, special_room [special_room_orc],
          kennysheep_just_a_vault, uniq_fannar

Skill      XL: |  1  2  3  4  5  6  7  8  9 10 |
---------------+-------------------------------+-----
Long Blades    | 3 4 5 6 7 |  7.3
Dodging        | 3 4 5 6 7 |  7.3
Armour         | 1 2 3 4 5 6 |  6.6
Fighting       | 3 4 5 6 7 |  7.7
Invocations    | 1 2 3 4 5 7 9 |  9.0
Throwing       | |  1.7

Action                   |  1- 3 |  4- 6 |  7- 9 | 10-12 || total
-------------------------+-------+-------+-------+-------++-------
Melee: Long sword        |    87 |   146 |       |       ||   233
       Headbutt          |    17 |    34 |    47 |    31 ||   129
       Scimitar          |       |     9 |   221 |   145 ||   375
       Punch             |       |       |     1 |     2 ||     3
Throw: Throwing net      |       |     3 |       |       ||     3
Invok: Heroism           |       |       |     1 |     2 ||     3
  Use: Potion            |     1 |     1 |     1 |       ||     3
 Stab: Sleeping          |     2 |       |       |       ||     2
       Held in net/web   |       |     1 |       |       ||     1
Armor: Leather armour    |    17 |       |       |       ||    17
       Scale mail        |    11 |    81 |   110 |    58 ||   260
Dodge: Dodged            |    59 |   103 |   178 |    91 ||   431
Block: Other             |       |       |    32 |    23 ||    55
       Rpst.: Long sword |    19 |    22 |       |       ||    41
       Scimitar          |       |     1 |    41 |    38 ||    80

Table legend: (Time is in decaauts)
 A = Elapsed time spent in this place.
 B = Non-inter-level travel time spent in this place.
 C = Inter-level travel time spent in this place.
 D = Time resting spent in this place.
 E = Time spent auto-exploring this place.
 F = Levels seen in this place.
 G = Mean time per level.
                   A        B        C        D        E       F      G
               +--------+--------+--------+--------+--------+-----+--------+
         Total |  11997 |  11690 |    307 |   3041 |   7224 |  11 | 1090.6 |
       Dungeon |  11997 |  11690 |    307 |   3041 |   7224 |  11 | 1090.6 |
               +--------+--------+--------+--------+--------+-----+--------+

Top non-repeatable levels by time:
     D:2: 1789 daAuts
     D:3: 1578 daAuts
     D:4: 1550 daAuts
    D:10: 1206 daAuts
     D:1: 1096 daAuts
     D:9: 1044 daAuts
     D:8: 1004 daAuts
     D:7: 956 daAuts
     D:5: 943 daAuts
     D:6: 651 daAuts
    D:11: 176 daAuts
